 Dungeon Crawl Stone Soup version 0.17.1-3-g152610e (webtiles) character file.

8858 MrTails the Severer (level 11, -7/84 HPs)
             Began as a Minotaur Berserker on Feb 18, 2016.
             Was a High Priest of Trog.
             Killed from afar by a gargoyle (22 damage)
             ... with a stone arrow
             ... on level 10 of the Dungeon.
             The game lasted 00:36:39 (9431 turns).

MrTails the Severer (Minotaur Berserker)            Turns: 9431, Time: 00:36:39

Health: -7/84      AC: 20    Str: 25    XL:     11   Next: 15%
Magic:  3/3        EV:  8    Int:  4    God:    Trog [*****.]
Gold:   487        SH:  0    Dex: 10    Spells: 0 memorised, 10 levels left

rFire  . . .     SeeInvis +     G - +6 battleaxe (antimagic)
rCold  . . .     Clarity  .     D - +0 plate armour
rNeg   . . .     SustAt   .     (shield currently unavailable)
rPois  .         Gourm    .     (helmet restricted)
rElec  .         Spirit   .     (no cloak)
rCorr  .         Warding  .     (no gloves)
rMut   .         Stasis   .     p - +2 pair of boots {Stlth+}
MR     .....                    a - amulet of regeneration
Stlth  ..........               u - ring of see invisible
                                g - +2 ring of dexterity

@: exhausted, slowed, very slow, not resistant to hostile enchantments,
extremely unstealthy
A: retaliatory headbutt, horns 2, rugged brown scales 1, clumsy 1, sense
surroundings 1
a: Berserk, Trog's Hand, Brothers in Arms, Burn Spellbooks, Renounce Religion


You were on level 10 of the Dungeon.
You worshipped Trog.
Trog was extremely pleased with you.
You were not hungry.

You visited 1 branch of the dungeon, and saw 10 of its levels.

You collected 487 gold pieces.

Inventory:

Hand Weapons
 n - a +3 hand axe of electrocution
 B - a +3 morningstar
 G - a +6 antimagic battleaxe (weapon)
 M - a +0 battleaxe
Armour
 b - a +0 animal skin
 c - a +0 chain mail
 o - a +0 scale mail
 p - a +2 pair of boots of stealth (worn)
 D - a +0 plate armour (worn)
Jewellery
 a - an amulet of regeneration (around neck)
 g - a +2 ring of dexterity (left hand)
 u - a ring of see invisible (right hand)
 y - a cursed -4 ring of dexterity
 H - a +4 ring of strength {unknown}
 L - a cursed -3 ring of evasion {unknown}
Wands
 m - a wand of frost (23)
 r - a wand of digging (24)
 w - a wand of confusion (10)
 x - a wand of random effects (29)
 z - a wand of polymorph (3)
 C - a wand of draining (10)
 E - a wand of magic darts (37)
Scrolls
 e - 8 scrolls of identify
 h - 9 scrolls of teleportation
 i - a scroll of recharging
 j - 4 scrolls of remove curse
 s - 4 scrolls of fear
 I - a scroll of noise {unknown}
 N - a scroll of fog
Potions
 d - a potion of heal wounds
 f - 2 potions of brilliance
 k - 2 potions of berserk rage
 q - 6 potions of curing
 t - a potion of haste {unknown}
 A - 3 potions of poison {unknown}
Books
 J - a book of Transfigurations

   Spells                             Type                      Level
   a - Stoneskin                      Transmutation/Earth          2
   b - Irradiate                      Conjuration/Transmutation    5
   c - Statue Form                    Transmutation/Earth          6
   d - Hydra Form                     Transmutation                6
   e - Dragon Form                    Transmutation                7
   Trog disapproves of the use of such an item.
Comestibles
 l - 7 meat rations
 v - 3 bread rations
 F - a slice of pizza
 K - 7 royal jellies
 O - 4 chunks of flesh


   Skills:
 - Level 3.6 Fighting
 * Level 16.2 Axes
 + Level 12.0 Armour
 - Level 2.1 Dodging


You had 10 spell levels left.
You didn't know any spells.

Dungeon Overview and Level Annotations

Branches:
Dungeon (10/15)            Temple (0/1) D:7
   Lair: D:8-11         Orc: D:9-12

Altars:
Cheibriados
Dithmenos
Elyvilon
Fedhas
Gozag
Ru
Sif Muna
Trog
Vehumet
Xom
Zin
The Shining One

Shops:
D:8 (


Innate Abilities, Weirdness & Mutations

You reflexively headbutt those who attack you in melee.
You have a pair of horns on your head.
You are partially covered in rugged brown scales (AC +1, +3% HP).
You are clumsy. (Dex -2)
You passively map a small area around you.


Message History

The killer bee stings you but does no damage.
The orc priest casts a cantrip, but nothing happens.
The killer bee barely misses you.
The orc priest looks braver for a moment.
A gargoyle comes into view. It is wielding a dire flail.
You slice the killer bee!!
You kill the killer bee!
Trog accepts your kill.
The orc priest calls down the wrath of Beogh upon you.
Something smites you!
* * * LOW HITPOINT WARNING * * *
The gargoyle hurls a stone arrow at you.
The stone arrow hits you!
* * * LOW HITPOINT WARNING * * *
The orc priest calls down the wrath of Beogh upon you.
Pain shoots through your body!
* * * LOW HITPOINT WARNING * * *
The gargoyle hurls a stone arrow at you.
The stone arrow hits you!
You die...

, , #...#.#.#### *
#.############.....####.. ,*
#................(.†......, *
#.....>.....####.#....#### *
##..........####(.......[ ,
#.(............(..........
.........#####........... ,
#.........<........._. , ##*
###.......@...(.........
#'#.###...................%..
..*#.............(..........
*
...##........o$..(..........
, #.............9..)$##......
'.8.)).......<.(...##...###
#......)....)†..........#
...##...#?†.)).....##...# ..
#..............# ##


You could see a gargoyle and an orc priest.

Vanquished Creatures
  2 tengu warriors (D:9)
  An ugly thing (D:10)
  Joseph (D:7)
  A queen bee (D:10)
  4 yaks (D:9)
  4 hungry ghosts
  A warg (D:10)
  A sky beast (D:10)
  2 ogres
  4 centaurs
  6 orc warriors
  3 ice beasts
  A necrophage (D:10)
  A big kobold (D:9)
  7 giant frogs
  A wyvern skeleton (D:7)
  A scorpion (D:5)
  3 wights (D:7)
  20 killer bees
  A crimson imp (D:4)
  2 centaur zombies
  A quasit (D:9)
  13 orc priests
  A giant frog skeleton (D:6)
  Ijyb (D:2)
  8 hounds
  13 orc wizards
  6 worker ants
  An iron imp (D:8)
  2 centaur skeletons
  Terence (D:2)
  2 gnoll shamans
  3 iguanas
  A sheep (D:3)
  2 hound skeletons
  Robin (D:2)
  18 gnolls
  12 adders
  2 shadow imps
  An ooze (D:3)
  6 worms
  7 giant geckos
  36 orcs
  4 ball pythons
  3 bats
  6 giant cockroaches
  19 goblins
  9 hobgoblins
  8 jackals
  7 giant newts
  14 kobolds
  2 quokkas
  12 rats
  2 butterflies (D:3)
291 creatures vanquished.

Vanquished Creatures (others)
  4 sheep (D:3)
4 creatures vanquished.

Grand Total: 295 creatures vanquished

Notes
Turn   | Place    | Note
--------------------------------------------------------------
     0 | D:1      | MrTails the Minotaur Berserker began the quest for the Orb.
     0 | D:1      | Reached XP level 1. HP: 19/19 MP: 0/0
    51 | D:1      | Reached XP level 2. HP: 19/26 MP: 1/1
    83 | D:1      | Reached skill level 4 in Axes
  1154 | D:2      | Reached XP level 3. HP: 31/31 MP: 2/2
  1279 | D:2      | Found a blossoming altar of Fedhas.
  1294 | D:2      | Found a deep blue altar of Sif Muna.
  1337 | D:2      | Noticed Ijyb
  1358 | D:2      | Killed Ijyb
  1358 | D:2      | Reached skill level 5 in Axes
  1358 | D:2      | Reached XP level 4. HP: 33/39 MP: 3/3
  1500 | D:2      | Reached ** piety under Trog
  1582 | D:2      | Noticed a moth of wrath
  1587 | D:2      | Noticed Robin
  1597 | D:2      | Noticed Terence
  1614 | D:2      | HP: 1/39 [Terence/hand axe of electrocution (5)]
  1915 | D:2      | Killed Terence
  1921 | D:2      | Killed Robin
  1921 | D:2      | Reached XP level 5. HP: 32/45 MP: 4/4
  2039 | D:2      | Found a radiant altar of Vehumet.
  2220 | D:2      | Found a bloodstained altar of Trog.
  2544 | D:3      | Reached skill level 6 in Axes
  2551 | D:3      | Reached skill level 5 in Armour
  2553 | D:3      | Gained mutation: You passively map a small area around you. [potion of mutation]
  2553 | D:3      | Gained mutation: You are partially covered in rugged brown scales (AC +1, +3% HP). [potion of mutation]
  2553 | D:3      | Gained mutation: You are clumsy. (Dex -2) [potion of mutation]
  2831 | D:3      | Reached *** piety under Trog
  2922 | D:3      | Found a shimmering altar of Xom.
  3410 | D:3      | Reached XP level 6. HP: 52/52 MP: 5/5
  3444 | D:3      | Found a white marble altar of Elyvilon.
  3468 | D:3      | Reached skill level 7 in Axes
  3584 | D:3      | Found a sacrificial altar of Ru.
  3626 | D:3      | Found a shimmering altar of Xom.
  3962 | D:4      | Found a glowing silver altar of Zin.
  4331 | D:4      | Reached XP level 7. HP: 53/58 MP: 6/6
  4416 | D:4      | Reached **** piety under Trog
  4590 | D:4      | Reached skill level 8 in Axes
  5127 | D:5      | Entered Level 5 of the Dungeon
  5422 | D:5      | Found an opulent altar of Gozag.
  5447 | D:5      | Reached skill level 9 in Axes
  5569 | D:5      | Reached XP level 8. HP: 57/65 MP: 7/7
  6005 | D:6      | Reached skill level 10 in Axes
  6205 | D:6      | Found a glowing golden altar of the Shining One.
  6367 | D:6      | Reached skill level 11 in Axes
  6458 | D:6      | Reached ***** piety under Trog
  6773 | D:7      | Reached XP level 9. HP: 66/72 MP: 8/8
  6809 | D:7      | Found a staircase to the Ecumenical Temple.
  6823 | D:7      | Noticed Joseph
  6873 | D:7      | Killed Joseph
  6873 | D:7      | Reached skill level 12 in Axes
  7530 | D:8      | Found a snail-covered altar of Cheibriados.
  7625 | D:8      | Found Kotial's Weapon Shoppe.
  7809 | D:8      | Received a gift from Trog
  7809 | D:8      | Reached skill level 13 in Axes
  7862 | D:8      | Reached skill level 10 in Armour
  8083 | D:8      | Identified a scroll of acquirement
  8516 | D:9      | Reached XP level 10. HP: 79/79 MP: 3/9
  8587 | D:9      | Reached skill level 14 in Axes
  8660 | D:9      | Noticed a tengu warrior
  8673 | D:9      | Killed a tengu warrior
  8713 | D:9      | Noticed a tengu warrior
  8736 | D:9      | Killed a tengu warrior
  8894 | D:9      | Reached skill level 15 in Axes
  8969 | D:10     | Entered Level 10 of the Dungeon
  8971 | D:10     | Noticed a red ugly thing
  8976 | D:10     | Killed a red ugly thing
  9303 | D:10     | Reached XP level 11. HP: 61/84 MP: 3/10
  9309 | D:10     | Found a shadowy altar of Dithmenos.
  9367 | D:10     | Reached skill level 16 in Axes
  9431 | D:10     | Killed from afar by a gargoyle

Action                   |  1- 3 |  4- 6 |  7- 9 | 10-12 || total
-------------------------+-------+-------+-------+-------++-------
Melee: Hand axe          |    71 |   157 |   261 |       ||   489
       Battleaxe         |       |       |    49 |   173 ||   222
       Unarmed           |       |       |     9 |       ||     9
Invok: Berserk           |       |     1 |     2 |     4 ||     7
       Burn Spellbooks   |       |     1 |     1 |       ||     2
       Trog's Hand       |       |       |       |     1 ||     1
  Use: Potion            |       |     2 |    10 |       ||    12
       Scroll            |       |       |    12 |     1 ||    13
 Stab: Sleeping          |     1 |       |       |       ||     1
  Eat: Chunk             |     1 |     1 |     7 |     5 ||    14
       Bread ration      |       |     2 |       |       ||     2
       Pizza             |       |     1 |       |       ||     1
       Meat ration       |       |       |     4 |     1 ||     5
